 Dungeon Sprint DCSS version 0.17-a0-2024-gc284f19 (webtiles) character file.

54 Adamkad1 the Shield-Bearer (level 5, 0/47 HPs)
             Began as a Centaur Fighter on Oct 10, 2015.
             Was a Priest of Qazlal.
             Slain by a wolf (9 damage)
             ... in the Dungeon (Sprint VI: "Thunderdome").
             The game lasted 00:03:10 (445 turns).

Adamkad1 the Shield-Bearer (Centaur Fighter)         Turns: 445, Time: 00:03:10

Health: 0/47       AC:  6    Str: 18    XL:     5   Next: 15%
Magic:  2/9        EV:  6    Int:  8    God:    Qazlal [***...]
Gold:   280        SH: 13    Dex:  9    Spells: 0 memorised, 4 levels left

rFire  . . .     SeeInvis .     a - +0 war axe
rCold  . . .     Clarity  .     b - +0 scale mail
rNeg   . . .     SustAt   .     c - +0 shield
rPois  .         Gourm    .     (no helmet)
rElec  .         Spirit   .     (no cloak)
rCorr  .         Warding  .     (no gloves)
rMut   .         NoTele   +     (no barding)
MR     .....                    (no amulet)
Stlth  ..........               (no ring)
                                (no ring)

@: very slightly contaminated, very quick, not resistant to hostile
enchantments, extremely unstealthy
A: hooves 3, deformed body, speed 2, tough skin 3
a: Upheaval, Elemental Force, Renounce Religion


You were in the Dungeon.
You worshipped Qazlal.
Qazlal was most pleased with you.
You were not hungry.

You visited 1 branch You collected 280 gold pieces.

Inventory:

Hand Weapons
 a - a +0 war axe (weapon)
Armour
 b - a +0 scale mail (worn)
 c - a +0 shield (worn)
Wands
 m - a wand of cold (5)
 n - a wand of fire (5)
Scrolls
 k - 3 scrolls of blinking
 o - 3 scrolls of fog
Potions
 d - a potion of might
 f - a potion of curing
 g - 3 potions of heal wounds
 h - 4 potions of haste
 i - 2 potions of magic
 j - a potion of berserk rage
 l - a potion of resistance
Comestibles
 e - a bread ration


   Skills:
 + Level 4.6 Fighting
 - Level 1.7 Axes
 - Level 2.1 Armour
 * Level 6.6 Shields
 * Level 5.7 Invocations


You had 4 spell levels left.
You didn't know any spells.

Dungeon Overview and Level Annotations

Branches:
Dungeon (1/1)

Altars:
Cheibriados
Dithmenos
Fedhas
Gozag
Kikubaaqudgha
Makhleb
Okawaru
Qazlal
Ru
Sif Muna
Trog
Vehumet
Xom
Yredelemnul
Zin
The Shining One
Jiyva
Lugonu

Shops:
D *[%??*?*:[((!!!!


Innate Abilities, Weirdness & Mutations

You have hooves in place of feet.
Armour fits poorly on your strangely shaped body.
You cover ground very quickly.
You have extremely tough skin (AC +3).


Message History

Press: ? - help, Dir - move target cursor, f/p - hell hound
Aim: a hell hound (moderately wounded)
A blizzard blasts the area with ice!
The blast of ice hits the hell hound.
The hell hound is frozen!
The hell hound is severely wounded.
The hell hound is flash-frozen.
Use which ability?
You don't have enough magic at the moment.
The wolf bites you! The wolf bites you.
* * * LOW HITPOINT WARNING * * *
You block the wolf's attack.
You miss the wolf. Your kick misses the wolf. You block the wolf's attack.
The wolf bites you but does no damage.
You slash the wolf!
The wolf is moderately wounded.
The wolf bites you.
* * * LOW HITPOINT WARNING * * *
The wolf bites you!
You die...

#........_# #_......._#
###.........###
#⌠...........⌠#
#.8.........8.######
......###......___∩##
....8.# #.8........∩###
......###........§....##
...###...###...h@.....⌠#
...# #.<.# #.....§....⌠#
...###...###..h.......⌠#
......###......§......##
....8.# #.8........∩###
......###......_..∩##
#.8.........8.######
#⌠...........⌠#
###.........###


You could see a hell hound and a wolf.

Vanquished Creatures
  4 jellies (D)
  7 oozes (D)
11 creatures vanquished.

Notes
Turn   | Place    | Note
--------------------------------------------------------------
     0 | D        | Adamkad1 the Centaur Fighter began the quest for the Orb.
     0 | D        | Reached XP level 1. HP: 19/19 MP: 1/1
     4 | D        | Found a basalt altar of Yredelemnul.
     4 | D        | Found a shadowy altar of Dithmenos.
     5 | D        | Found a glowing golden altar of the Shining One.
     6 | D        | Found a sacrificial altar of Ru.
     7 | D        | Found Tyablig's Identification Station.
     7 | D        | Found an ancient bone altar of Kikubaaqudgha.
     7 | D        | Found a corrupted altar of Lugonu.
     7 | D        | Found Acluclet's Bee Food.
     8 | D        | Found Leaquj's Advanced Armour.
     8 | D        | Found Dezac's Jewellery.
     8 | D        | Round 1.
    12 | D        | Found a blossoming altar of Fedhas.
    15 | D        | Found a burning altar of Makhleb.
    17 | D        | Found Quazo's Magic Scroll Shop.
    18 | D        | Found Bom Esestre's Magic Scroll Shop.
    18 | D        | Found Pymat's Must-Have Magic.
    19 | D        | Found an iron altar of Okawaru.
    19 | D        | Found a stormy altar of Qazlal.
    19 | D        | Found a shimmering altar of Xom.
    19 | D        | Found Tuvedejo's Staff Store.
    22 | D        | Noticed a jelly
    25 | D        | Found a bloodstained altar of Trog.
    26 | D        | Found a glowing silver altar of Zin.
    31 | D        | Became a worshipper of Qazlal Stormbringer
    33 | D        | Reached skill level 1 in Invocations
    35 | D        | Killed a jelly
    35 | D        | Reached skill level 4 in Shields
    35 | D        | Reached XP level 2. HP: 13/26 MP: 1/4
    35 | D        | Reached XP level 3. HP: 15/31 MP: 1/5
   116 | D        | Acquired Qazlal's first power
   116 | D        | Reached skill level 5 in Shields
   119 | D        | Found a viscous altar of Jiyva.
   119 | D        | Found Sejiwn's Distillery.
   121 | D        | Found a radiant altar of Vehumet.
   121 | D        | Found Inaik's Do-It-Yourself Clinic.
   122 | D        | Found Onutuob's Distillery.
   122 | D        | Found Eviysyn's Bottled Wisdom.
   124 | D        | Reached XP level 4. HP: 28/38 MP: 5/7
   126 | D        | Arena points: 12 (+12) [x2]
   178 | D        | Round 2.
   189 | D        | Acquired Qazlal's second power
   202 | D        | Found a snail-covered altar of Cheibriados.
   204 | D        | Found Yraofest's Premium Goods.
   205 | D        | Found an opulent altar of Gozag.
   205 | D        | Found a deep blue altar of Sif Muna.
   205 | D        | Found Ecuej's Weapon Rack.
   206 | D        | Found Yruev's Miscellaneous Merchandise.
   206 | D        | Found Izu Fea's Basic Armour.
   330 | D        | Reached skill level 6 in Shields
   330 | D        | Reached skill level 5 in Invocations
   346 | D        | Reached XP level 5. HP: 12/47 MP: 7/9
   368 | D        | Acquired Qazlal's third power
   385 | D        | Arena points: 54 (+42) [x3]
   410 | D        | Round 3.
   410 | D        | Noticed a wolf
   422 | D        | Noticed a hell hound
   445 | D        | Slain by a wolf

Vault maps used:
D:        arena_sprint

Action                   |  1- 3 |  4- 6 || total
-------------------------+-------+-------++-------
Melee: War axe           |     8 |    17 ||    25
Invok: Upheaval          |       |     2 ||     2
  Use: Scroll            |       |     1 ||     1
       Potion            |       |     1 ||     1
